 Dungeon Crawl Stone Soup version 0.24.0-1-gfbc8707122 (webtiles) character file.

Game seed: 11527854787121677534, levelgen mode: deterministic

293594 Goboxel the Pandemonic (level 20, -2/196 HPs)
             Began as a Demonspawn Gladiator on Oct 27, 2019.
             Was a High Priest of Makhleb.
             Killed from afar by a Hell Sentinel (38 damage)
             ... with damnation
             ... summoned by a deep elf demonologist
             ... on level 3 of the Elven Halls.
             The game lasted 02:43:21 (46848 turns).

Goboxel the Pandemonic (Demonspawn Gladiator)      Turns: 46848, Time: 02:43:22

Health: -2/196     AC: 18    Str: 16      XL:     20   Next: 35%
Magic:  0/34       EV: 25    Int:  7 (8)  God:    Makhleb [*****.]
Gold:   3173       SH: 22    Dex: 21      Spells: 19/19 levels left

rFire    + + .     SeeInvis .   A - +2 long sword (elec)
rCold    + + .     Gourm    .   E - +0 shield
rNeg     + + .     Faith    .   l - +3 leather armour {rF+}
rPois    +         Spirit   +   D - +2 helmet
rElec    .         Reflect  .   q - +2 cloak {MR+}
rCorr    +         Harm     .   p - +0 pair of gloves
MR       ++...                  (boots unavailable)
Stlth    +.........             R - amulet of guardian spirit
HPRegen  0.42/turn              s - +5 ring of protection
MPRegen  0.24/turn              a - ring of Loiwij {rC+ rN++ rCorr Int-5}

@: very slightly contaminated
A: hooves 3, large bone plates 3, clever 1, cold resistance 1, demonic guardian
3, deterioration 1, fire resistance 1, poison resistance, robust 2, spiny 2
}: 1/15 runes: gossamer
a: Minor Destruction, Lesser Servant of Makhleb, Major Destruction, Greater
Servant of Makhleb, Renounce Religion


You were on level 3 of the Elven Halls.
You worshipped Makhleb.
Makhleb was extremely pleased with you.
You were not hungry.

You visited 8 branches of the dungeon, and saw 37 of its levels.
You visited the Abyss 2 times.
You also visited: Sewer and Bailey.

You collected 4725 gold pieces.
You spent 1552 gold pieces at shops.

Inventory:

Hand Weapons
 A - a +2 long sword of electrocution (weapon)
 T - a +4 scimitar of flaming
Armour
 l - a +3 leather armour of fire resistance (worn)
 p - a +0 pair of gloves (worn)
 q - a +2 cloak of magic resistance (worn)
 D - a +2 helmet (worn)
 E - a +0 shield (worn)
 H - a +0 troll leather armour
Jewellery
 a - the ring of Loiwij (right hand) {rC+ rN++ rCorr Int-5}
   (You bought it in a shop on level 2 of the Orcish Mines)

   [ring of resist corrosion]

   It affects your intelligence (-5).
   It protects you from cold.
   It greatly protects you from negative energy.
   It provides partial protection from all sources of acid and corrosion.
 r - an uncursed ring of protection from cold
 s - a +5 ring of protection (left hand)
 v - an uncursed ring of positive energy
 G - an uncursed ring of protection from magic
 I - an uncursed ring of flight
 J - an uncursed amulet of rage
 K - an uncursed ring of protection from magic
 R - an amulet of guardian spirit (around neck)
 Z - an uncursed amulet of regeneration
Wands
 w - a wand of polymorph (11)
 x - a wand of flame (11)
 B - a wand of acid (22)
 C - a wand of disintegration (21)
 L - a wand of paralysis (16)
 M - a wand of enslavement (28)
 W - a wand of iceblast (14)
Scrolls
 b - 11 scrolls of fog
 c - a scroll of silence
 d - a scroll of torment {unknown}
 e - a scroll of fear
 k - 5 scrolls of blinking
 y - 8 scrolls of identify
 z - 18 scrolls of remove curse
 F - 8 scrolls of magic mapping
 N - 2 scrolls of teleportation
 V - 4 scrolls of amnesia
 X - 4 scrolls of enchant armour
Potions
 g - 5 potions of ambrosia
 h - a potion of berserk rage
 i - 3 potions of mutation
 j - 8 potions of flight
 m - 3 potions of resistance
 n - 6 potions of agility
 o - 13 potions of curing
 t - 7 potions of heal wounds
 u - 4 potions of cancellation
 Q - 3 potions of invisibility
 S - 2 potions of might
Miscellaneous
 O - a fan of gales
Comestibles
 f - 62 rations


   Skills:
 + Level 15.9 Fighting
 + Level 15.6 Long Blades
 - Level 1.7 Throwing
 - Level 1.9 Armour
 + Level 15.0 Dodging
 - Level 0.2 Stealth
 - Level 15.6 Shields
 + Level 20.5 Invocations


You had 19 spell levels left.
You didn't know any spells.
Your spell library contained the following spells:

 Spells                   Type           Power        Failure   Level  Hunger
 Apportation              Tloc           #.....       50%         1    ##.....
 Beastly Appendage        Tmut           #.....       50%         1    ##.....
 Confusing Touch          Hex            #.....       50%         1    ##.....
 Sting                    Conj/Pois      #...         50%         1    ##.....
 Summon Butterflies       Summ           #.......     50%         1    ##.....
 Blink                    Tloc           N/A          65%         2    ###....
 Poisonous Vapours        Pois/Air       #.....       65%         2    ###....
 Shroud of Golubria       Chrm/Tloc      #.....       65%         2    ###....
 Sticks to Snakes         Tmut           #.......     65%         2    ###....
 Call Canine Familiar     Summ           #.......     86%         3    ####...
 Confuse                  Hex            #.......     86%         3    ####...
 Gell's Gravitas          Tloc           #.........   86%         3    ####...
 Lesser Beckoning         Tloc           #.........   86%         3    ####...
 Mephitic Cloud           Conj/Pois/Air  #.......     86%         3    ####...
 Regeneration             Chrm/Necr      #.........   86%         3    ####...
 Spider Form              Tmut/Pois      #.........   86%         3    ####...
 Static Discharge         Conj/Air       #.......     86%         3    ####...
 Teleport Other           Tloc           #.......     86%         3    ####...
 Tukima's Dance           Hex            #.......     86%         3    ####...
 Cause Fear               Hex            #.........   99%         4    #####..
 Ice Form                 Ice/Tmut       #.......     99%         4    #####..
 Olgreb's Toxic Radiance  Pois           #.......     99%         4    #####..
 Passage of Golubria      Tloc           N/A          99%         4    #####..
 Petrify                  Tmut/Erth      #.......     99%         4    #####..
 Summon Ice Beast         Ice/Summ       #.......     99%         4    #####..
 Alistair's Intoxication  Tmut/Pois      #.......     100%        5    ######.
 Aura of Abjuration       Summ           #.........   100%        5    ######.
 Blade Hands              Tmut           #.........   100%        5    ######.
 Irradiate                Conj/Tmut      #.........   100%        5    ######.
 Lightning Bolt           Conj/Air       #.........   100%        5    ######.
 Metabolic Englaciation   Hex/Ice        #.........   100%        5    ######.
 Silence                  Hex/Air        #.........   100%        5    ######.
 Summon Forest            Summ/Tloc      #.........   100%        5    ######.
 Summon Mana Viper        Hex/Summ       #.......     100%        5    ######.
 Venom Bolt               Conj/Pois      #.........   100%        5    ######.
 Yara's Violent Unravell  Hex/Tmut       #.........   100%        5    ######.
 Bolt of Cold             Conj/Ice       #.........   100%        6    #######
 Deflect Missiles         Chrm/Air       #.........   100%        6    #######
 Freezing Cloud           Conj/Ice/Air   #.........   100%        6    #######
 Invisibility             Hex            #.......     100%        6    #######
 Statue Form              Tmut/Erth      #........    100%        6    #######
 Malign Gateway           Summ/Tloc      #.........   100%        7    #######
 Summon Hydra             Summ           #.........   100%        7    #######
 Discord                  Hex            #.........   100%        8    #######
 Ignition                 Fire           #.........   100%        8    #######
 Shatter                  Erth           #.........   100%        9    #######
 Tornado                  Air            #.........   100%        9    #######


Dungeon Overview and Level Annotations

Branches:
Dungeon (15/15)            Temple (0/1) D:6            Lair (6/6) D:8
 Shoals (2/4) Lair:2       Spider (4/4) Lair:3        Slime (0/5) Lair:6
    Orc (2/2) D:9             Elf (3/3) Orc:2        Vaults (4/5) D:13
  Crypt (1/3) Vaults:2      Sewer (visited)          Bailey (visited)
 Depths: D:15

Altars:
Ashenzari
Cheibriados
Elyvilon
Fedhas
Hepliaklqana
Kikubaaqudgha
Makhleb
Nemelex Xobeh
Qazlal
Sif Muna
Uskayaw
Vehumet
Zin
Beogh
Jiyva

Shops:
D:14 [   D:15 ?   Orc:1 *   Orc:2 =*=*}(?   Elf:2 :!**=   Vaults:4 }(

Annotations:
Lair:2 exclusion: 2 oklob plants


Innate Abilities, Weirdness & Mutations

You have hooves in place of feet.
You are completely covered in large bone plates. (SH +8)
A powerful demonic guardian rushes to your aid.
You are very robust. (+20% HP)
You are mostly covered in sharp spines.
Your mind is acute. (Int +2)
Your flesh is cold resistant. (rC+)
Your body sometimes deteriorates upon taking damage.
Your flesh is heat resistant. (rF+)
Your system is resistant to poisons. (rPois)


Message History

Your reaper hits the Hell Sentinel from afar with a +1 scythe of slicing!!
The deep elf annihilator seems less brilliant.
The Hell Sentinel gestures at you.
The sphere of damnation explodes!
The damnation engulfs you!!
* * * LOW HITPOINT WARNING * * *
Unknown command.
Unknown command.
Blink to where?
Press: ? - help, Dir - move target cursor You are very lightly contaminated with residual magic.
As you read the scroll of blinking, it crumbles to dust.
The deep elf annihilator hits something but does no damage.
Something hits your reaper but does no damage.
Something hits your reaper!! The Hell Sentinel gestures at you.
The sphere of damnation explodes!
The damnation engulfs you!!
* * * LOW HITPOINT WARNING * * *
The Hell Sentinel gestures at you.
The sphere of damnation explodes!
The damnation engulfs you!!!
You die...

###...####.........###.
#.....# #.......## #^
#...#1# ##.....## #.
###...#.## ##...## ##
.........# ##'## #
.........# #.# #
#.........#######)#######
#.........#.............#
.##...##@#.####...####.#
#... #.#.# #..<..# #.#
##.# #.#.# ##...## #.#
#.###)#.#####..####.##
#..........##.........
$.......#.........######
###################


You could see a Hell Sentinel.

Vanquished Creatures
  Nikola (Spider:2)
  2 deep elf blademasters
  A sphinx (Vaults:1)
  Donald (Vaults:3)
  2 tentacled starspawn (Abyss:2)
  A tengu reaver (Vaults:3)
  Roxanne (Shoals:1)
  A fire giant (Vaults:4)
  4 deep elf sorcerers
  6 vault wardens
  6 ghost moths
  3 emperor scorpions
  A frost giant (Vaults:4)
  Louise (Spider:1)
  Aizul (Vaults:3)
  6 ironheart preservers
  A curse skull (Vaults:1)
  An orc warlord (Orc:1)
  4 deep elf elementalists (Elf:3)
  A war gargoyle (Vaults:4)
  A vampire knight (Vaults:2)
  3 stone giants
  2 entropy weavers
  2 deep elf demonologists
  A merfolk javelineer (Shoals:1)
  Snorg (Lair:3)
  Josephine (D:15)
  2 merfolk impalers
  A fire dragon (D:11)
  20 slime creatures
  A deep elf high priest (Elf:3)
  A great orb of eyes (Vaults:4)
  7 yaktaur captains
  3 rakshasas
  3 vault guards
  Erolcha (Orc:1)
  A hydra (D:12)
  3 catoblepae (Lair:6)
  Erica (Orc:1)
  2 death knights
  6 centaur warriors
  2 ice dragons (Vaults:2)
  7 ogre magi
  12 dancing weapons
  2 merfolk avatars (Shoals:1)
  A satyr (Shoals:1)
  14 two-headed ogres
  An orc high priest (Orc:2)
  2 tengu warriors (D:11)
  3 death yaks (Lair:6)
  Urug (Lair:6)
  A soul eater (Vaults:2)
  11 deep elf knights
  3 skeletal warriors
  An unseen horror (shapeshifter) (D:11)
  A shadow wraith (Vaults:3)
  2 sea snakes
  3 unseen horrors
  7 ironbrand convokers
  7 deep trolls
  2 wizards
  11 orb spiders
  A harpy (Vaults:1)
  A mana viper (Abyss:2)
  10 orc knights
  32 deep elf magi
  5 deep elf archers
  26 wolf spiders
  11 ugly things
  2 manticores (Lair:6)
  3 orc sorcerers
  7 fauns
  7 cyclopes
  A worldbinder (Abyss:2)
  21 elephants
  A moth of wrath (shapeshifter) (Vaults:1)
  Maurice (D:12)
  7 vault sentinels
  A merfolk siren (Shoals:1)
  3 torpor snails
  A water nymph (Shoals:1)
  3 black mambas
  12 spiny frogs
  2 gargoyles
  A guardian serpent (shapeshifter) (D:10)
  4 rime drakes
  30 yaktaurs
  2 orange demons (Abyss:2)
  13 demonic crawlers
  A tormentor (Abyss:2)
  2 kobold demonologists (D:12)
  6 komodo dragons
  An ancient zyme (Abyss:2)
  7 freezing wraiths
  7 merfolk
  8 hornets
  2 meliai
  A jumping spider (shapeshifter) (Vaults:2)
  7 trolls
  27 jumping spiders
  Prince Ribbit (D:6)
  A polar bear (Lair:5)
  A wolf spider simulacrum (D:15)
  A wind drake (Shoals:1)
  7 blink frogs
  3 raiju (Abyss:2)
  18 dream sheep
  13 hippogriffs
  2 snapping turtles (Shoals:1)
  48 redbacks
  2 shadows
  A water elemental (Elf:1)
  A meliai zombie (D:12)
  8 wraiths
  42 yaks
  A ynoxinul (Abyss:2)
  A vampire (D:10)
  9 humans (D:13)
  A redback (shapeshifter) (Vaults:2)
  21 tarantellas
  2 fire elementals
  A wyvern (D:8)
  Eustachio (D:5)
  5 basilisks
  5 vampire mosquitoes
  3 hungry ghosts
  A neqoxec (Abyss:2)
  Edmund (D:6)
  3 large abominations (Abyss:2)
  6 wargs
  2 acid dragons
  A harpy simulacrum (D:13)
  A soldier ant (shapeshifter) (Vaults:2)
  7 water moccasins
  A soldier ant (D:15)
  Duvessa (D:6)
  6 hell hounds
  7 porcupines
  A floating eye (Abyss:2)
  69 orc warriors
  A meliai simulacrum (D:15)
  A phantom (D:6)
  4 sky beasts
  A black bear (shapeshifter) (Vaults:3)
  3 ice beasts
  25 ogres
  2 black bears
  A necrophage (D:11)
  4 eyes of draining
  23 wolves
  2 small abominations (Abyss:2)
  11 boggarts
  19 centaurs
  19 crocodiles
  9 big kobolds
  An earth elemental (Elf:1)
  20 bullfrogs
  2 gnoll sergeants (D:9)
  5 scorpions
  Dowan (D:6)
  A wyvern skeleton (D:12)
  8 killer bees
  11 wights
  5 howler monkeys
  5 electric eels
  2 jellies
  9 crimson imps
  2 quasits
  11 starcursed masses (Abyss:2)
  2 centaur zombies
  2 centaur skeletons
  13 hounds
  18 orc priests
  3 bullfrog skeletons
  20 orc wizards
  2 iron imps (Abyss:2)
  Crazy Yiuf (D:4)
  3 iguanas
  18 worker ants
  2 hound skeletons
  2 worker ant zombies
  19 gnolls
  2 river rats (Sewer)
  16 adders
  5 shadow imps
  2 white imps (Abyss:2)
  An ufetubus (Abyss:2)
  2 adder skeletons
  6 worms
  2 dart slugs
  11 leopard geckos
  87 orcs
  7 giant cockroaches
  12 goblins
  22 hobgoblins
  13 jackals
  9 quokkas
  5 ball pythons (Sewer)
  6 bats
  18 frilled lizards
  30 kobolds
  A quokka skeleton (D:8)
  16 rats
  2 fungi
1373 creatures vanquished.

Vanquished Creatures (collateral kills)
  Arachne (Spider:4)
  Asterion (Elf:2)
  A deep elf master archer (Elf:3)
  Frances (D:12)
  A sphinx (Vaults:2)
  A storm dragon (Vaults:3)
  A deep elf sorcerer (Elf:3)
  A cacodemon (Abyss:2)
  4 emperor scorpions
  An orc warlord (Orc:1)
  2 deep elf elementalists (Elf:3)
  2 ironheart preservers (Vaults:2)
  3 stone giants
  3 entropy weavers
  Azrael (Elf:2)
  A minotaur (Shoals:1)
  2 deep elf demonologists (Vaults:3)
  An ettin (Orc:2)
  2 fire dragons (Vaults:1)
  3 yaktaur captains (Vaults:3)
  A deep elf high priest (Elf:3)
  A rakshasa (Abyss:2)
  Fannar (Lair:2)
  2 hydras
  3 centaur warriors
  10 dancing weapons
  2 death yaks (Lair:6)
  A deep troll earth mage (Vaults:2)
  4 two-headed ogres
  An ogre mage (D:15)
  6 deep elf knights
  A shadow wraith (Vaults:1)
  3 deep trolls
  A skeletal warrior (Vaults:2)
  7 deep elf archers
  3 ironbrand convokers
  4 orb spiders
  11 deep elf magi
  2 orc knights
  2 fauns
  4 wolf spiders (Spider:4)
  An oklob plant (Lair:2)
  2 manticores
  3 ugly things (Vaults:1)
  A vault sentinel (Vaults:3)
  A merfolk siren (Shoals:2)
  8 elephants
  A spiny frog (shapeshifter) (Vaults:2)
  A smoke demon (Abyss:2)
  A spiny frog (Lair:2)
  A centaur skeleton (D:10)
  An orange demon (Abyss:2)
  A kobold demonologist (D:11)
  A freezing wraith (Vaults:2)
  5 yaktaurs
  A troll (D:11)
  4 jumping spiders
  2 meliai (Shoals:1)
  2 merfolk (Shoals:1)
  A harpy skeleton (D:11)
  A hornet (Spider:4)
  4 slime creatures
  4 blink frogs (Lair:4)
  2 dream sheep (Lair:4)
  A snapping turtle (Shoals:1)
  6 yaks
  3 tarantellas
  A water elemental (Elf:2)
  8 redbacks
  A wraith (D:11)
  2 basilisks (Lair:3)
  4 fire elementals
  A chaos spawn (Abyss:2)
  2 wargs
  A porcupine (Lair:2)
  2 water moccasins
  2 floating eyes (Abyss:2)
  13 orc warriors
  A sky beast (D:11)
  An ice beast (D:12)
  4 ogres
  A boggart (Abyss:2)
  4 wolves
  5 centaurs
  2 crocodiles
  A big kobold (D:14)
  6 bullfrogs
  A scorpion (D:4)
  A killer bee (D:9)
  2 howler monkeys
  A quasit (Abyss:2)
  8 starcursed masses (Abyss:2)
  A jelly (D:11)
  4 orc wizards
  2 orc priests
  A bullfrog skeleton (D:7)
  An iguana (D:7)
  3 worker ants (D:11)
  4 gnolls
  A shadow imp (D:5)
  8 orcs
  A hobgoblin (Bailey)
  A kobold (D:12)
  A leopard gecko skeleton (D:4)
  A butterfly (Lair:1)
  2 plants
  A starspawn tentacle (Abyss:2)
269 creatures vanquished.

Vanquished Creatures (others)
  A dancing weapon (Elf:2)
  A deep elf knight (Elf:2)
  3 deep elf magi
  A tarantella (Spider:2)
  A human (D:13)
  A small abomination (Abyss:2)
  2 bushes (D:6)
  13 fungi
  9 plants
  7 starspawn tentacles (Abyss:2)
39 creatures vanquished.

Grand Total: 1681 creatures vanquished

Notes
Turn   | Place    | Note
-------+----------+-------------------------------------------
     0 | D:1      | Goboxel the Demonspawn Gladiator began the quest for the
                  | Orb.
     0 | D:1      | Reached XP level 1. HP: 16/16 MP: 1/1
   483 | D:1      | Gained mutation: A weak demonic guardian rushes to your
                  | aid. [demonic ancestry]
   483 | D:1      | Reached XP level 2. HP: 17/22 MP: 2/2
   493 | D:1      | Found a snail-covered altar of Cheibriados.
   959 | D:2      | Gained mutation: You are partially covered in large bone
                  | plates. (SH +4) [demonic ancestry]
   959 | D:2      | Reached XP level 3. HP: 16/27 MP: 3/3
  1127 | D:2      | Found an ancient bone altar of Kikubaaqudgha.
  1555 | D:2      | Gained mutation: You are partially covered in sharp spines.
                  | [demonic ancestry]
  1555 | D:2      | Reached XP level 4. HP: 24/33 MP: 4/4
  1794 | D:2      | Reached skill level 1 in Armour
  1954 | D:3      | Noticed a bullfrog
  1974 | D:3      | Killed a bullfrog
  1974 | D:3      | Gained mutation: You are mostly covered in large bone
                  | plates. (SH +6) [demonic ancestry]
  1974 | D:3      | Reached XP level 5. HP: 22/38 MP: 5/5
  2251 | D:3      | Found a glowing drain.
  2275 | Sewer    | Entered a sewer
  2862 | D:3      | Found a white marble altar of Elyvilon.
  3343 | D:3      | Found a glowing silver altar of Zin.
  3352 | D:3      | Reached skill level 5 in Long Blades
  3852 | D:4      | Reached XP level 6. HP: 45/46 MP: 6/6
  3909 | D:4      | Noticed a hippogriff
  4151 | D:4      | Killed a hippogriff
  4162 | D:4      | Gained mutation: You have large cloven feet. [demonic
                  | ancestry]
  4162 | D:4      | Reached XP level 7. HP: 46/52 MP: 7/7
  4403 | D:4      | Found a runed translucent door.
  4404 | D:4      | Noticed Crazy Yiuf
  4569 | D:4      | Killed Crazy Yiuf
  4764 | D:5      | Entered Level 5 of the Dungeon
  4769 | D:5      | Noticed Eustachio
  4786 | D:5      | Killed Eustachio
  4894 | D:5      | Reached skill level 5 in Dodging
  4967 | D:5      | Gained mutation: You have hoof-like feet. [demonic
                  | ancestry]
  4967 | D:5      | Reached XP level 8. HP: 61/61 MP: 8/8
  4968 | D:5      | Found a shattered altar of Ashenzari.
  5132 | D:5      | Found a radiant altar of Vehumet.
  5133 | D:5      | Found a burning altar of Makhleb.
  5145 | D:5      | Reached skill level 5 in Fighting
  5163 | D:5      | Became a worshipper of Makhleb the Destroyer
  5349 | D:6      | Noticed Duvessa
  5349 | D:6      | Noticed Dowan
  5415 | D:6      | Reached skill level 1 in Invocations
  5418 | D:6      | Noticed Edmund
  5435 | D:6      | Killed Edmund
  5631 | D:6      | Killed Duvessa
  5631 | D:6      | Reached skill level 2 in Invocations
  5698 | D:6      | Killed Dowan
  6069 | D:6      | Reached skill level 3 in Invocations
  6187 | D:6      | Noticed Prince Ribbit
  6198 | D:6      | Killed Prince Ribbit
  6198 | D:6      | Reached skill level 4 in Invocations
  6198 | D:6      | Gained mutation: You are completely covered in large bone
                  | plates. (SH +8) [demonic ancestry]
  6198 | D:6      | Reached XP level 9. HP: 53/69 MP: 10/12
  6241 | D:6      | Reached * piety under Makhleb
  6289 | D:6      | Found a staircase to the Ecumenical Temple.
  6486 | D:6      | Found a blossoming altar of Fedhas.
  6879 | D:6      | Reached skill level 5 in Invocations
  7270 | D:7      | Found a shimmering blue altar of Sif Muna.
  7328 | D:7      | Reached skill level 6 in Invocations
  7387 | D:7      | Found a sparkling altar of Nemelex Xobeh.
  7999 | D:8      | Found a staircase to the Lair.
  8122 | D:8      | Reached ** piety under Makhleb
  8463 | D:8      | Found a stormy altar of Qazlal.
  8477 | D:8      | Reached XP level 10. HP: 70/79 MP: 14/14
  9654 | D:9      | Reached *** piety under Makhleb
  9839 | D:10     | Entered Level 10 of the Dungeon
  9927 | D:10     | Gained mutation: Your flesh is heat resistant. (rF+)
                  | [potion of mutation]
  9927 | D:10     | Gained mutation: You are resistant to hostile enchantments.
                  | (MR+) [potion of mutation]
  9927 | D:10     | Gained mutation: You are clumsy. (Dex -2) [potion of
                  | mutation]
  9927 | D:10     | Gained mutation: Your system is resistant to poisons.
                  | (rPois) [potion of mutation]
  9928 | D:10     | Lost mutation: You are clumsy. (Dex -2) [potion of
                  | mutation]
  9928 | D:10     | Lost mutation: You are resistant to hostile enchantments.
                  | (MR+) [potion of mutation]
  9928 | D:10     | Gained mutation: Your flesh is cold resistant. (rC+)
                  | [potion of mutation]
  9928 | D:10     | Gained mutation: Your mind is acute. (Int +2) [potion of
                  | mutation]
 10054 | D:10     | Reached skill level 1 in Shields
 10526 | D:10     | Found a flagged portal.
 10549 | Bailey   | Entered a bailey
 10597 | Bailey   | Reached **** piety under Makhleb
 10597 | Bailey   | Gained mutation: You have hooves in place of feet. [demonic
                  | ancestry]
 10597 | Bailey   | Reached XP level 11. HP: 82/87 MP: 16/16
 10695 | Bailey   | Reached skill level 7 in Invocations
 11196 | D:11     | Noticed a tengu warrior
 11196 | D:11     | Noticed a fire dragon
 11288 | Lair:1   | Entered Level 1 of the Lair of Beasts
 11305 | Lair:1   | Reached skill level 10 in Long Blades
 12173 | Lair:1   | Reached skill level 8 in Invocations
 12546 | Lair:2   | Noticed an oklob plant
 12572 | Lair:2   | Found a staircase to the Shoals.
 13148 | Lair:3   | Noticed Fannar
 13369 | Lair:2   | Killed Fannar
 13369 | Lair:2   | Reached skill level 9 in Invocations
 13649 | Lair:3   | Gained mutation: You are mostly covered in sharp spines.
                  | [demonic ancestry]
 13649 | Lair:3   | Reached XP level 12. HP: 97/97 MP: 18/18
 13721 | Lair:3   | Noticed Snorg
 13735 | Lair:3   | Killed Snorg
 14043 | Lair:3   | Found a hole to the Spider Nest.
 14280 | Lair:2   | Reached skill level 10 in Fighting
 14280 | Lair:2   | Reached skill level 5 in Shields
 14526 | Lair:3   | You fall into a shaft and drop 3 floors!
 14526 | Lair:6   | Entered Level 6 of the Lair of Beasts
 14589 | Lair:6   | Reached skill level 10 in Invocations
 14674 | Lair:6   | Reached skill level 10 in Dodging
 15406 | Lair:5   | Reached XP level 13. HP: 104/104 MP: 21/21
 15652 | Lair:4   | Reached ***** piety under Makhleb
 15732 | Lair:4   | Reached XP level 14. HP: 99/111 MP: 19/22
 15790 | Lair:4   | Reached skill level 11 in Invocations
 16812 | Lair:6   | Noticed Urug
 16832 | Lair:6   | Killed Urug
 16924 | Lair:6   | Found a viscous altar of Jiyva.
 16925 | Lair:6   | Found a staircase to the Slime Pits.
 17341 | Lair:6   | Reached skill level 12 in Invocations
 19110 | D:11     | Noticed a stone giant
 19275 | D:11     | Reached skill level 10 in Shields
 19822 | Shoals:1 | Entered Level 1 of the Shoals
 19832 | Shoals:1 | Identified Roxanne's Volume of Transformation
 19832 | Shoals:1 | Noticed Roxanne
 19886 | Shoals:1 | Reached XP level 15. HP: 120/120 MP: 24/24
 19930 | Spider:1 | Entered Level 1 of the Spider Nest
 20336 | D:11     | Reached ****** piety under Makhleb
 20542 | D:11     | Got an iridescent shortbow
 20610 | D:11     | Reached skill level 13 in Invocations
 20994 | D:11     | Found the +7 great mace "Firestarter" {inner flame, rF++}
 21259 | D:12     | Noticed Maurice
 21275 | D:12     | Killed Maurice
 21514 | D:12     | Noticed Frances
 21551 | D:12     | Killed Frances
 21863 | D:12     | Identified the cursed +0 shortbow of a bailey {venom,
                  | Str+2} (You found it on level 11 of the Dungeon)
 22127 | D:13     | Found a hazy altar of Hepliaklqana.
 22496 | D:13     | Found a gate to the Vaults.
 23107 | D:14     | You fall into a shaft and drop 1 floor!
 23107 | D:15     | Entered Level 15 of the Dungeon
 23271 | D:15     | Noticed Josephine
 23301 | D:15     | Killed Josephine
 23359 | D:15     | Found Orain's Magic Scroll Shop.
 23620 | D:15     | Found an ancient bone altar of Kikubaaqudgha.
 23827 | D:9      | Found a staircase to the Orcish Mines.
 23846 | Orc:1    | Entered Level 1 of the Orcish Mines
 23864 | Orc:1    | Reached skill level 14 in Invocations
 24095 | D:14     | Found Plog's Armour Emporium.
 25158 | Orc:1    | Noticed Erica
 25164 | Orc:1    | Noticed Erolcha
 25179 | Orc:1    | Killed Erolcha
 25179 | Orc:1    | Gained mutation: You are robust. (+10% HP) [demonic
                  | ancestry]
 25179 | Orc:1    | Reached XP level 16. HP: 72/141 MP: 15/26
 25195 | Orc:1    | Killed Erica
 25798 | Orc:2    | Entered Level 2 of the Orcish Mines
 25870 | Orc:2    | Found Hiluses's Assorted Antiques.
 25906 | Orc:2    | Found a staircase to the Elven Halls.
 26029 | Orc:2    | Found Quhadod's Jewellery Shop.
 26032 | Orc:2    | Bought a +5 ring of protection for 715 gold pieces
 26216 | Orc:2    | Bought a glowing long sword for 195 gold pieces
 26379 | Orc:1    | Found Qaemp's Assorted Antiques.
 26694 | Orc:2    | Found Laakabb's Gadget Boutique.
 26694 | Orc:2    | Found Xewkao Zeav's General Store.
 26701 | Orc:2    | Found Orur's Jewellery Emporium.
 26714 | Orc:2    | Found Bozulud's Weapon Shop.
 26731 | Orc:2    | Bought the ring of Loiwij {rC+ rN++ rCorr Int-5} for 510
                  | gold pieces
 26737 | Orc:2    | Bought a scroll of teleportation for 39 gold pieces
 26737 | Orc:2    | Bought a potion of curing for 39 gold pieces
 26841 | Orc:2    | Found Ceatzaad's Magic Scroll Shoppe.
 27211 | Orc:2    | Found a roughly hewn altar of Beogh.
 27641 | Shoals:1 | Killed Roxanne
 29190 | Spider:1 | Reached skill level 15 in Invocations
 29239 | Spider:1 | Noticed Louise
 29284 | Spider:1 | Killed Louise
 30125 | Spider:2 | Noticed Nikola
 30395 | Spider:2 | Killed Nikola
 30571 | Spider:2 | Gained mutation: A demonic guardian rushes to your aid.
                  | [demonic ancestry]
 30571 | Spider:2 | Reached XP level 17. HP: 76/151 MP: 11/28
 32077 | Spider:4 | Entered Level 4 of the Spider Nest
 32177 | Spider:4 | Noticed Arachne
 32197 | Spider:4 | Killed Arachne
 32197 | Spider:4 | Reached skill level 16 in Invocations
 33266 | Spider:4 | Reached skill level 17 in Invocations
 33825 | Spider:4 | Got a gossamer rune of Zot
 34264 | Vaults:1 | Entered Level 1 of the Vaults
 34752 | Vaults:1 | Reached skill level 18 in Invocations
 35281 | Vaults:1 | Reached XP level 18. HP: 159/159 MP: 31/31
 35606 | Vaults:2 | Found a staircase to the Crypt.
 36926 | Vaults:2 | Reached skill level 19 in Invocations
 36950 | Vaults:2 | Identified Atenn's Catalogue of Confrontation
 37772 | Vaults:3 | Noticed Aizul
 37792 | Vaults:3 | Killed Aizul
 37826 | Vaults:2 | Reached skill level 15 in Shields
 37986 | Vaults:3 | Cast into level 2 of the Abyss (a deep elf demonologist)
 38014 | Abyss:2  | Found a corrupted altar of Lugonu.
 38059 | Vaults:3 | Escaped the Abyss
 38454 | Vaults:3 | Noticed a golden dragon
 38956 | Shoals:1 | Identified the cursed +3 fustibalus "Niosamil" {venom,
                  | rElec rN+ MP-9 Dex+3}
 39019 | Shoals:1 | Found a hide-covered altar of Uskayaw.
 39036 | Shoals:1 | Reached skill level 20 in Invocations
 40522 | Vaults:3 | Identified the Disquisition on Boosting Calling
 40607 | Vaults:3 | Noticed Donald
 40622 | Vaults:3 | Killed Donald
 40970 | Vaults:4 | Gained mutation: A powerful demonic guardian rushes to your
                  | aid. [demonic ancestry]
 40970 | Vaults:4 | Reached XP level 19. HP: 167/167 MP: 33/33
 42435 | Vaults:4 | Found Jeoxtik's Gadget Shop.
 42601 | Vaults:4 | Found Puesagh's Weapon Emporium.
 42831 | Crypt:1  | Entered Level 1 of the Crypt
 43056 | Elf:1    | Entered Level 1 of the Elven Halls
 43360 | Elf:1    | Cast into level 2 of the Abyss (deep elf mage)
 43360 | Abyss:2  | Found a corrupted altar of Lugonu.
 43369 | Abyss:2  | Paralysed by a floating eye for 2 turns
 43375 | Abyss:2  | Paralysed by a floating eye for 2 turns
 43437 | Abyss:2  | Paralysed by accursed screaming for 1 turns
 43448 | Abyss:2  | Found a corrupted altar of Lugonu.
 43718 | Abyss:2  | Gained mutation: Your body sometimes deteriorates upon
                  | taking damage. [a neqoxec]
 44053 | Abyss:2  | Paralysed by accursed screaming for 2 turns
 44058 | Abyss:2  | Paralysed by accursed screaming for 2 turns
 44072 | Elf:1    | Escaped the Abyss
 44158 | Elf:1    | Reached skill level 15 in Fighting
 44390 | Elf:1    | Reached skill level 15 in Long Blades
 45020 | Elf:2    | Found Minn's Jewellery Shop.
 45132 | Elf:2    | Bought a cursed ring of teleportation for 54 gold pieces
 45146 | Elf:2    | Found Fiusyepn's General Store.
 45371 | Elf:2    | Found a runed translucent gate.
 45371 | Elf:2    | Found a runed translucent gate.
 45373 | Elf:2    | Found a runed translucent gate.
 45923 | Elf:2    | Noticed Asterion
 45933 | Elf:2    | Noticed Azrael
 45934 | Elf:2    | Killed Asterion
 45934 | Elf:2    | Gained mutation: You are very robust. (+20% HP) [demonic
                  | ancestry]
 45934 | Elf:2    | Reached XP level 20. HP: 119/195 MP: 27/34
 45945 | Elf:2    | Killed Azrael
 46319 | Elf:2    | Found Soqan's Distillery.
 46368 | Elf:2    | Found Nuazargh's Book Boutique.
 46457 | Elf:2    | Found Hues's General Store.
 46628 | Elf:3    | Entered Level 3 of the Elven Halls
 46804 | Elf:3    | Reached skill level 15 in Dodging
 46848 | Elf:3    | Killed from afar by a Hell Sentinel

Levels and vault maps discovered:
D:1:      scummos_arrival_hexagon, layout_loops_ring, cheibriados_altar_1
D:2:      layout_loops_ring, kiku_gazebo_garden_becter, first_ration,
          minmay_lizard_king
D:3:      layout_basic, overflow_temple_1_default, zin_statuary,
          gup_sewer_entry_pipe, minmay_misc_feat_tiny
D:4:      layout_rooms, uniq_crazy_yiuf_cottage
D:5:      layout_cave_pools, grunt_temple_overflow_lords_of_destruction,
          ashenzari_altar_1, uniq_eustachio
D:6:      layout_loops_corners, minmay_temple_entry_tees,
          fedhas_bush_and_centaur_altar, uniq_edmund, uniq_duvessa,
          uniq_prince_ribbit1
D:7:      layout_cave_pools, basic_altar, nemelex_diamond_rough_becter
D:8:      layout_basic, nicolae_overflow_crystal_walls, dpeg_oklobed_lair,
          kennysheep_generic_room_9
D:9:      layout_stronghold, kennysheep_orc_monster_closet_entryway
D:10:     layout_long_grid, enter_bailey_2
D:11:     minmay_the_grid_square_5x5_5x5 [minmay_the_grid_square_5x5_bite,
          minmay_the_grid_square_5x5_spiral_small,
          minmay_the_grid_square_5x5_inner_z,
          minmay_the_grid_square_5x5_longway,
          minmay_the_grid_square_5x5_checkered, minmay_the_grid_square_5x5_comb,
          minmay_the_grid_square_5x5_prize_deathbox,
          minmay_the_grid_square_5x5_slash,
          minmay_the_grid_square_5x5_prize_junk,
          minmay_the_grid_square_5x5_bridge,
          minmay_the_grid_square_5x5_doubleslash,
          minmay_the_grid_square_5x5_misaligned,
          minmay_the_grid_square_5x5_prize_gold,
          minmay_the_grid_square_5x5_half_checkered,
          minmay_the_grid_square_5x5_gyroscope,
          minmay_the_grid_square_5x5_three_walls,
          minmay_the_grid_square_5x5_prize_open,
          minmay_the_grid_square_5x5_shrine1,
          minmay_the_grid_square_5x5_prize_open,
          minmay_the_grid_square_5x5_almost_minimal,
          minmay_the_grid_square_5x5_inverted_slash,
          minmay_the_grid_square_5x5_one_wall, minmay_the_grid_square_5x5_forky,
          minmay_the_grid_square_5x5_bracketed,
          minmay_the_grid_square_5x5_inset], layout_cave_pools, special_room
          [special_room_orc]
D:12:     layout_roguey, serial_glass, glass_columns_b, glass_columns_c,
          glass_columns_a, glass_columns_c, uniq_frances, uniq_maurice
D:13:     layout_gridville, ximxim_vaults_locker_room, basic_altar
D:14:     layout_rooms, serial_shops, kennysheep_mini,
          minmay_misc_feat_more_columns, hangedman_ranch
          [blue_anna_fruit_fields]
D:15:     grunt_enter_depths_magical_seal, layout_loops_ring, serial_shops,
          nicolae_shop_trees, lemuel_hellish_altar, uniq_josephine
Lair:1:   layout_regular_city, grunt_megastairs_4, lemuel_fruit_tree,
          lemuel_fruit_fields, infiniplex_staircase_pool
Lair:2:   layout_misc_corridors, minmay_shoals_entry_beasts,
          serial_bayou_ford_a, minmay_lair_oklob_chamber, grunt_megastairs_2
Lair:3:   layout_long_grid, dummy_spider_entry, kennysheep_basilisk_garden,
          uniq_snorg, uniq_fannar
Lair:4:   layout_gridlike, serial_bayou_shore_a, grunt_megastairs_1
Lair:5:   layout_hall_layers, chequers_serial_rivers_small_b, disabler_island
Lair:6:   evilmike_catoblepas_cave, layout_regular_city, slime_altar_1,
          grunt_forest_large_clearings, uniq_urug
Shoals:1: layout_shoals, regret_index_shoals_crete, uniq_roxanne
Shoals:2: layout_shoals
Spider:1: layout_spider_delve, guppyfry_spider_mini_3, uniq_louise
Spider:2: layout_spider_delve, uniq_nikola
Spider:3: layout_spider_delve, drop_trap
Spider:4: grunt_spider_rune_parallel, uniq_arachne
Orc:1:    nicolae_orc_accident_1, layout_caves, serial_shops,
          nicolae_shop_overgrown_old_shop, minmay_orc_treasury, uniq_erolcha,
          uniq_erica
Orc:2:    st_orc_rangers, layout_caves, serial_shops,
          nicolae_shop_window_shopping, shop_statue, shop, mines1_david
Elf:1:    layout_geoelf_octagon, hangedman_elf_disciples
Elf:2:    layout_geoelf_octagon, serial_shops, nicolae_shop_waterfront,
          nicolae_shop_competitors_out_of_business, shop, shop, shop,
          uniq_azrael, uniq_asterion
Elf:3:    grunt_elf_hall_spiral, layout_loops_corners, serial_shops, shop,
          drop_trap, minivault_4
Vaults:1: v_alt_pattern_4, st_diamondy, ontoclasm_vaults_pinch,
          nicolae_vaults_theta, v_pattern_1, nicolae_vaults_network_barrier,
          grunt_vaults_diagonal, v_misc_26, ontoclasm_vaults_shuriken,
          vaults_mumra_minichess_inversion, layout_vaults_maze_snakey
Vaults:2: minmay_crypt_entry_simple_sparse, grunt_vaults_swirl,
          hangedman_vaults_impose, nicolae_vaults_little_squares_5,
          nicolae_vaults_big_angled_halls,
          vaults_standard_mumra_enter_the_diamond, v_misc_2,
          nicolae_vaults_little_squares_6, layout_vaults_chaotic_city
Vaults:3: ontoclasm_vaults_hangar, vaults_standard_mumra_enter_the_diamond,
          hangedman_vaults_nails, st_octagons_2, hangedman_vaults_stitches,
          nicolae_vaults_three_branches, v_misc_9, hangedman_vaults_corner,
          nicolae_vaults_little_squares_5, layout_vaults_big_cross, uniq_donald,
          uniq_aizul
Vaults:4: nicolae_vaults_ninety_degrees, v_misc_23, v_misc_31,
          nicolae_vaults_diagonal_hallway_8, vaults_room_mumra_shop_pool,
          hangedman_vaults_unwind, v_alt_pattern_3, v_misc_1, vaults_dpeg_cross,
          layout_vaults_quadrants, serial_shops, shop
Crypt:1:  layout_rooms, serial_sigils, serial_sigils_hangedman_gut,
          serial_sigils_hangedman_leer, serial_sigils_hangedman_quiver,
          serial_sigils_hangedman_snap, serial_sigils_hangedman_confine,
          serial_sigils_hangedman_stare

Skill      XL: |  1  2  3  4  5  6  7  8  9 10 11 12 13 14 15 16 17 18 19 20 |
---------------+-------------------------------------------------------------+-----
Long Blades    | 3 4 5 6 7 8 9 10 11 12 13 14 15 | 15.6
Dodging        | 3 4 5 6 7 8 9 10 11 12 13 14 15 | 15.0
Armour         | 1 |  1.9
Fighting       | 3 4 6 7 8 9 10 11 12 13 14 15 | 15.9
Invocations    | 4 6 9 10 12 14 15 18 20 | 20.5
Shields        | 2 4 8 10 11 12 14 15 | 15.6
Throwing       | |  1.7
Stealth        | |  0.2

Action                   |  1- 3 |  4- 6 |  7- 9 | 10-12 | 13-15 | 16-18 | 19-21 || total
-------------------------+-------+-------+-------+-------+-------+-------+-------++-------
Melee: Long sword        |   123 |   148 |   369 |   789 |  1643 |    12 |   873 ||  3957
       Rapier            |       |       |     7 |       |       |       |       ||     7
       Dagger            |       |       |     3 |       |       |       |       ||     3
       Kick              |       |       |       |   270 |   845 |  1045 |   481 ||  2641
       Falchion          |       |       |       |       |     1 |       |       ||     1
       Scimitar          |       |       |       |       |       |  2195 |   163 ||  2358
Invok: Minor Destruction |       |       |       |    11 |     2 |    27 |     3 ||    43
       Major Destruction |       |       |       |     9 |     9 |    18 |     1 ||    37
       Lesser Servant of |       |       |       |     8 |    15 |    36 |     3 ||    62
       Greater Servant o |       |       |       |       |       |     6 |    11 ||    17
Evoke: Wand              |       |       |     2 |       |     1 |     2 |       ||     5
       Phantom mirror    |       |       |       |       |       |     1 |       ||     1
  Use: Scroll            |       |     9 |     5 |    18 |     6 |    16 |     1 ||    55
       Potion            |       |       |       |     9 |       |    10 |     7 ||    26
 Stab: Sleeping          |     1 |     1 |     3 |       |     1 |       |       ||     6
       Distracted        |       |       |     4 |    11 |    10 |    34 |     7 ||    66
       Petrified         |       |       |       |       |     4 |       |       ||     4
       Held in net/web   |       |       |       |       |       |     1 |       ||     1
  Eat: Chunk             |     2 |     8 |    18 |    28 |    26 |    15 |    17 ||   114
       Ration            |       |       |       |     1 |     2 |    11 |     1 ||    15
Armor: Leather armour    |    40 |    25 |   104 |   186 |   179 |   451 |   114 ||  1099
Dodge: Dodged            |    98 |    72 |   235 |   545 |   693 |  1168 |   364 ||  3175
Block: Other             |    11 |    50 |   118 |   207 |       |       |       ||   386
       Shield            |       |       |       |   389 |  1571 |  2635 |   963 ||  5558
       Rpst.: Long sword |    28 |    20 |    60 |   128 |   157 |       |    55 ||   448
       Scimitar          |       |       |       |       |       |   176 |    16 ||   192
